Map: Rohana LE

Players

WrenDung

  • Race: Protoss Protoss
  • League: Bronze
  • Spawn Location: 5:00

ASOMBROSO

  • Race: Protoss Protoss
  • Spawn Location: 3:00

Ultra - Winner!

  • Race: Zerg Zerg
  • Spawn Location: 9:00

David - Winner!

  • Race: Terran Terran
  • Spawn Location: 11:00

VOD

Have the link to the VOD?

Description

Time

  • Played on: April 11, 2025, 11:57 a.m.
  • Length: 22:06
Show
View Real Time Build Order
Export as new Build Order

WrenDung Protoss 

Build Orders:  

Get SALT Encoding   

  1  0:00  Probe  
  13  0:08  Probe  
  14  0:21  Pylon  
  14  0:24  Probe  
  15  0:31  Assimilator  
  15  0:37  Assimilator  
  15  0:40  Probe  
  16  0:53  Forge  
  16  0:55  Probe  
  17  1:03  Probe  
  18  1:11  Probe  
  19  1:21  Probe  
  20  1:32  Pylon  
  20  1:34  Probe  
  21  1:46  Probe  
  21  1:47  Gateway  
  22  1:58  Probe  
  22  2:00  Pylon  
  23  2:10  Probe  
  24  2:17  Pylon  
  24  2:20  Pylon  
  24  2:22  Probe  
  25  2:41  Photon Cannon  
  25  2:53  Nexus  
  25  3:07  Photon Cannon  
  25  3:29  Assimilator  
  25  3:30  Pylon  
  25  3:34  Assimilator  
  25  3:41  Photon Cannon  
  25  3:48  Cybernetics Core  
  25  4:03  Probe  
  26  4:11  Probe  
  27  4:19  Pylon  
  27  4:20  Probe  
  27  4:22  Pylon  
  28  4:25  Pylon  
  28  4:32  Probe  
  29  4:45  Probe  
  30  4:46  Protoss Air Weapons Level 1  
  30  4:57  Probe  
  31  5:07  Probe  
  31  5:08  Pylon  
  31  5:11  Pylon  
  32  5:15  Probe  
  33  5:23  Probe  
  34  5:31  Photon Cannon  
  34  5:33  Photon Cannon  
  34  5:35  Probe  
  35  5:47  Probe  
  36  5:55  Stargate  
  36  5:58  Stargate  
  36  5:59  Probe  
  36  6:01  Stargate  
  37  6:05  Stargate  
  37  6:11  Probe  
  37  6:14  Pylon  
  38  6:21  Probe  
  38  6:23  Photon Cannon  
  39  6:29  Probe  
  39  6:38  Probe  
  40  6:41  Photon Cannon  
  41  6:54  Void Ray x3  
  57  6:55  Void Ray  
  57  7:09  Protoss Air Armor Level 1  
  57  7:13  Fleet Beacon  
  57  7:14  Probe  
  57  7:22  Probe  
  58  7:26  Nexus  
  75  7:59  Void Ray x2  
  75  8:01  Void Ray  
  75  8:03  Void Ray  
  75  8:05  Pylon  
  75  8:08  Pylon  
  75  8:11  Pylon  
  75  8:15  Flux Vanes  
  75  8:46  Assimilator, Probe  
  75  8:47  Assimilator  
  75  8:54  Probe  
  93  9:03  Void Ray  
  93  9:04  Void Ray, Probe  
  93  9:06  Void Ray  
  93  9:07  Void Ray  
  94  9:16  Probe  
  95  9:28  Probe  
  96  9:33  Protoss Air Weapons Level 2  
  96  9:38  Probe  
  97  9:46  Probe  
  102  9:55  Probe  
  102  9:57  Void Ray  
  115  10:00  Void Ray  
  115  10:01  Void Ray  
  115  10:02  Void Ray  
  105  10:07  Probe  
  101  10:19  Probe  
  88  11:25  Void Ray x3  
  104  11:26  Void Ray  
  104  11:29  Nexus  
  104  11:33  Pylon  
  104  11:36  Pylon  
  104  12:07  Mothership  
  112  12:09  Protoss Air Weapons Level 3  
  112  12:17  Photon Cannon  
  112  12:21  Photon Cannon  
  112  12:24  Photon Cannon  
  112  12:28  Photon Cannon  
  112  12:32  Photon Cannon  
  112  12:36  Shield Battery  
  112  12:38  Probe  
  113  12:46  Probe  
  113  12:51  Photon Cannon  
  114  12:55  Photon Cannon  
  114  12:56  Probe  
  127  13:08  Void Ray, Probe  
  127  13:09  Void Ray  
  127  13:11  Void Ray  
  128  13:19  Void Ray  
  132  13:20  Probe  
  133  13:32  Probe  
  134  13:44  Probe  
  135  13:56  Probe  
  136  14:06  Tempest x2  
  136  14:07  Tempest x2  
  136  14:08  Probe  
  153  14:16  Probe  
  153  14:24  Probe  
  155  14:35  Probe  
  156  14:47  Probe  
  157  15:17  Unknown  
  134  15:58  Nexus  
  134  16:26  Pylon  
  134  16:29  Pylon  
  134  16:32  Pylon  
  138  16:50  Void Ray  
  118  17:29  Probe  
  119  17:41  Probe  
  136  17:47  Void Ray x3  
  136  17:48  Void Ray  
  31  19:02  Void Ray x4  
  47  19:45  Void Ray x3  
Show
View Real Time Build Order
Export as new Build Order

ASOMBROSO Protoss 

Build Orders: Double Forge 

Get SALT Encoding   

  12  0:06  Probe  
  13  0:20  Pylon  
  13  0:25  Probe  
  14  0:37  Probe  
  15  0:55  Pylon  
  15  1:02  Probe  
  15  1:03  Pylon  
  16  1:14  Probe  
  17  1:26  Probe  
  18  1:35  Assimilator  
  18  1:38  Assimilator, Probe  
  19  1:50  Probe  
  20  1:55  Gateway  
  20  1:59  Gateway  
  20  2:02  Probe  
  20  2:07  Forge  
  21  2:09  Forge  
  21  2:14  Probe  
  22  2:27  Probe  
  23  2:37  Gateway  
  23  2:48  Probe  
  24  2:52  Photon Cannon  
  24  2:54  Protoss Ground Weapons Level 1  
  24  3:00  Probe  
  24  3:02  Photon Cannon  
  25  3:12  Probe  
  26  3:13  Protoss Shields Level 1  
  26  3:24  Probe  
  26  3:26  Photon Cannon  
  27  3:36  Probe  
  28  3:47  Pylon  
  28  3:49  Probe  
  28  3:50  Zealot x3  
  35  4:01  Probe  
  36  4:13  Probe  
  36  4:16  Cybernetics Core  
  37  4:28  Pylon  
  37  4:39  Probe  
  38  4:51  Probe  
  39  5:02  Stalker x2, Protoss Ground Armor Level 1  
  39  5:03  Probe  
  39  5:05  Stalker, Twilight Council  
  46  5:15  Protoss Air Weapons Level 1, Probe  
  47  5:27  Probe  
  48  5:39  Probe  
  49  5:43  Charge  
  49  5:51  Probe  
  50  5:59  Nexus  
  50  6:03  Probe  
  51  6:05  Assimilator  
  51  6:07  Assimilator  
  51  6:11  Pylon  
  51  6:21  Protoss Ground Weapons Level 2  
  51  6:23  Photon Cannon  
  51  6:51  Probe  
  52  7:03  Protoss Shields Level 2, Probe  
  53  7:15  Probe  
  54  7:18  Photon Cannon  
  54  7:20  Photon Cannon  
  54  7:22  Photon Cannon  
  54  7:23  Blink  
  54  7:24  Protoss Air Armor Level 1  
  54  7:27  Probe  
  55  7:37  Stargate  
  55  7:39  Probe  
  56  7:47  Stargate  
  56  7:57  Stargate  
  56  8:02  Pylon  
  56  8:05  Pylon  
  56  8:07  Pylon  
  56  8:30  Assimilator  
  56  8:37  Fleet Beacon  
  56  8:46  Protoss Ground Armor Level 2  
  64  8:52  Assimilator, Photon Cannon  
  64  8:53  Void Ray  
  64  8:54  Void Ray  
  68  8:56  Void Ray  
  68  9:06  Pylon  
  68  9:26  Pylon  
  68  9:33  Nexus  
  68  9:44  Tempest  
  68  9:45  Tempest  
  80  9:49  Void Ray  
  75  10:27  Zealot x3  
  84  10:32  Void Ray  
  84  10:33  Void Ray  
  48  10:54  Zealot x3  
  48  11:14  Probe  
  49  11:21  Zealot x3  
  55  11:26  Probe  
  56  11:38  Probe  
  57  11:42  Nexus  
  57  11:48  Zealot  
  57  11:50  Probe  
  60  12:02  Assimilator, Probe  
  60  12:06  Pylon  
  61  12:14  Probe  
  62  12:26  Probe  
  63  12:36  Photon Cannon  
  63  12:38  Probe  
  63  12:42  Photon Cannon  
  64  12:51  Probe  
  65  12:55  Probe  
  66  13:03  Probe  
  67  13:07  Probe  
  68  13:15  Probe  
  68  13:19  Stalker, Probe  
  70  13:21  Sentry  
  70  13:22  Sentry  
  76  13:27  Probe  
  77  13:41  Stalker  
  77  13:45  Flux Vanes  
  77  13:46  Photon Cannon  
  79  13:55  Probe  
  80  14:01  Protoss Air Weapons Level 2  
  80  14:04  Probe  
  80  14:07  Probe  
  82  14:16  Probe  
  83  14:19  Probe  
  83  14:20  Protoss Shields Level 3  
  84  14:28  Probe  
  84  14:30  Phoenix  
  87  14:31  Probe  
  88  14:40  Probe  
  88  14:44  Probe  
  90  14:52  Probe  
  91  14:56  Probe  
  92  15:03  Photon Cannon  
  91  15:38  Nexus  
  91  15:43  Pylon  
  99  15:53  Void Ray x2  
  99  16:08  Pylon  
  99  16:21  Photon Cannon  
  99  16:22  Photon Cannon  
  99  16:37  Photon Cannon  
  99  16:39  Photon Cannon  
  99  16:47  Unknown  
  99  16:52  Photon Cannon  
  44  17:56  Zealot x3  
  21  18:23  Zealot x3  
  21  18:50  Zealot x3  
  27  19:03  Probe  
  27  19:15  Probe  
  26  19:17  Zealot x3  
  30  19:28  Probe  
  29  19:40  Probe  
  29  19:44  Zealot  
  30  19:52  Probe  
  31  20:04  Probe  
  32  20:16  Probe  
  19  20:45  Zealot  
  21  20:57  Nexus  
  21  21:21  Stalker  
Show
View Real Time Build Order
Export as new Build Order

Ultra Zerg - Winner!

Build Orders: Pool First 

Get SALT Encoding   

  12  0:00  Drone  
  13  0:12  Overlord  
  13  0:17  Drone  
  14  0:30  Drone x2  
  16  0:36  Drone  
  17  0:45  Drone  
  18  0:53  Spawning Pool  
  18  0:54  Extractor  
  18  0:56  Drone  
  17  1:07  Drone  
  18  1:19  Drone  
  19  1:28  Drone  
  20  1:41  Overlord  
  20  1:49  Queen  
  22  2:01  Metabolic Boost  
  22  2:08  Drone x2  
  23  2:13  Roach Warren, Hatchery  
  22  2:20  Baneling Nest  
  22  2:22  Overlord  
  21  2:46  Extractor  
  21  2:47  Drone  
  21  2:48  Drone x2  
  23  2:58  Hatchery  
  22  3:14  Lair  
  22  3:20  Drone x3  
  25  3:28  Overlord  
  25  3:32  Drone x3  
  28  3:42  Drone  
  28  3:43  Drone  
  28  3:47  Queen  
  32  3:58  Zergling x8  
  36  4:16  Zergling x2  
  37  4:17  Zergling x6  
  37  4:20  Drone x2  
  37  4:22  Drone x3  
  45  4:29  Queen  
  47  4:34  Glial Reconstitution  
  47  4:39  Centrifugal Hooks  
  47  4:52  Spore Crawler  
  46  4:56  Drone x5  
  46  4:57  Drone x2  
  53  5:20  Extractor  
  53  5:21  Extractor  
  51  5:29  Hatchery  
  50  5:37  Drone x2  
  50  5:38  Drone  
  50  5:39  Drone x3  
  56  5:44  Drone x2  
  56  5:46  Overlord x4  
  58  5:58  Overlord x2  
  58  6:07  Overlord  
  58  6:08  Overlord  
  58  6:09  Overlord  
  58  6:27  Hydralisk Den  
  58  6:29  Infestation Pit  
  56  6:35  Spire, Pneumatized Carapace  
  56  6:38  Roach  
  56  6:39  Roach x8  
  73  6:47  Queen  
  75  7:16  Drone x7  
  75  7:17  Drone x8  
  90  7:23  Queen  
  92  7:37  Overseer  
  92  7:44  Evolution Chamber  
  92  7:45  Evolution Chamber  
  92  7:49  Zerg Flyer Weapons Level 1, Evolution Chamber  
  89  8:03  Extractor x2  
  87  8:21  Hydralisk x15  
  87  8:22  Hydralisk x2  
  87  8:25  Baneling x4  
  121  8:38  Drone x3  
  121  8:40  Drone x3  
  127  8:45  Hive  
  127  8:47  Zerg Melee Weapons Level 1, Zerg Missile Weapons Level 1  
  127  8:49  Zerg Ground Armor Level 1  
  127  9:17  Overlord x5  
  127  9:18  Overlord x4  
  127  9:44  Zerg Flyer Armor Level 1  
  127  9:47  Grooved Spines  
  78  10:36  Corruptor x11  
  78  10:37  Corruptor x5  
  78  10:38  Muscular Augments  
  99  11:10  Ultralisk Cavern  
  98  11:32  Overlord  
  98  12:02  Drone x2  
  98  12:03  Drone x3  
  103  12:12  Hatchery  
  103  12:13  Spore Crawler  
  103  12:14  Spore Crawler  
  103  12:15  Hatchery  
  99  12:16  Spore Crawler  
  99  12:20  Spore Crawler  
  99  12:22  Spore Crawler  
  96  12:24  Spore Crawler  
  96  12:25  Zerg Missile Weapons Level 2, Zerg Melee Weapons Level 2, Zerg Ground Armor Level 2  
  96  12:28  Chitinous Plating  
  95  12:30  Zergling x18  
  95  12:31  Zergling x28  
  118  13:03  Zergling x2  
  118  13:04  Zergling x28  
  133  13:11  Zerg Flyer Weapons Level 2  
  133  13:25  Drone  
  133  13:26  Drone x6  
  141  13:27  Drone  
  141  13:30  Drone x7  
  141  13:31  Drone  
  149  13:46  Anabolic Synthesis  
  149  13:50  Extractor x2  
  147  13:55  Extractor  
  147  13:57  Extractor  
  145  14:06  Drone  
  145  14:07  Drone x2  
  145  14:08  Drone x3  
  151  14:12  Drone  
  151  14:13  Drone  
  153  14:22  Baneling  
  153  14:23  Baneling x14  
  153  14:24  Baneling  
  153  14:25  Baneling x4  
  153  14:26  Baneling x5  
  122  15:27  Zerg Flyer Armor Level 2  
  115  15:30  Ultralisk x2  
  115  15:31  Ultralisk x7  
  199  15:36  Zerg Melee Weapons Level 3  
  199  15:37  Zerg Missile Weapons Level 3, Zerg Ground Armor Level 3  
  175  16:04  Ultralisk x5  
  173  16:09  Corruptor x2  
  173  16:10  Corruptor x2  
  191  16:14  Overlord x5  
  155  17:10  Corruptor  
  155  17:11  Corruptor x9  
  129  18:23  Drone  
  129  18:24  Drone x16  
  138  18:36  Extractor  
  138  18:37  Hatchery  
  130  18:41  Extractor  
  105  19:28  Corruptor x10  
  109  20:12  Hydralisk  
  109  20:13  Hydralisk x7  
  101  20:44  Hydralisk  
  101  20:45  Hydralisk x6  
  93  21:08  Overlord  
  93  21:09  Corruptor x5  
  93  21:10  Swarm Host  
  103  21:25  Hydralisk  
  99  21:26  Hydralisk  
  85  22:05  Hatchery  
Show
View Real Time Build Order
Export as new Build Order

David Terran - Winner!

Build Orders:  

Get SALT Encoding   

  12  0:00  SCV  
  13  0:13  SCV  
  14  0:17  Supply Depot  
  14  0:25  SCV  
  15  0:41  SCV, Barracks  
  16  0:47  Refinery  
  16  0:53  SCV  
  17  1:05  SCV  
  18  1:18  SCV  
  19  1:30  Orbital Command  
  19  1:34  Barracks Reactor  
  19  1:47  Command Center  
  19  1:56  SCV  
  20  2:04  Barracks  
  20  2:10  Marine  
  21  2:20  Supply Depot  
  21  2:45  Barracks  
  21  2:50  Barracks  
  21  2:52  Marine x2  
  21  2:53  Barracks Tech Lab  
  23  3:00  Orbital Command  
  23  3:09  Marine  
  23  3:10  Marine  
  25  3:22  Factory  
  25  3:30  SCV  
  25  3:31  Refinery  
  26  3:38  Stimpack  
  26  3:42  SCV, Barracks Reactor  
  27  3:49  Supply Depot  
  27  3:55  SCV  
  28  3:58  SCV  
  29  4:07  SCV  
  30  4:10  SCV  
  30  4:13  Factory Reactor  
  30  4:16  Starport  
  31  4:21  Supply Depot  
  31  4:30  SCV  
  32  4:42  SCV  
  33  4:47  SCV  
  34  4:54  SCV  
  34  4:55  Medivac  
  34  4:59  SCV  
  38  5:05  Engineering Bay  
  38  5:06  SCV  
  39  5:11  SCV  
  40  5:18  SCV  
  41  5:23  SCV  
  41  5:25  Medivac  
  41  5:26  Combat Shield  
  44  5:35  SCV  
  45  5:45  SCV  
  46  6:04  Marine  
  46  6:05  Marine x4  
  51  6:17  Hellion  
  51  6:18  Hellion  
  55  6:20  Terran Infantry Weapons Level 1  
  55  6:22  Marine, Armory  
  55  6:23  Marine x4  
  60  6:26  Medivac  
  62  6:33  Refinery  
  62  6:42  Supply Depot  
  62  7:03  Marine x3  
  62  7:04  SCV, Hellion x2  
  62  7:05  Supply Depot  
  70  7:13  Command Center  
  70  7:26  Marine x3  
  70  7:27  SCV, Hellion, Medivac  
  70  7:28  Supply Depot  
  78  7:34  Supply Depot  
  78  7:49  SCV, Marine x3  
  78  7:50  Hellion x2  
  86  7:56  SCV, Marine  
  86  7:57  Medivac  
  90  7:58  Supply Depot  
  90  7:59  Terran Vehicle Weapons Level 1  
  90  8:02  SCV  
  91  8:07  Marine  
  91  8:08  SCV  
  91  8:09  Supply Depot  
  93  8:14  SCV, Terran Infantry Armor Level 1  
  94  8:20  SCV, Hellion  
  94  8:22  Supply Depot  
  94  8:26  SCV  
  98  8:32  SCV x2  
  98  8:33  Supply Depot  
  100  8:38  SCV  
  100  8:39  Marine x5  
  106  8:44  Supply Depot, SCV x2  
  106  8:48  Supply Depot  
  108  8:50  SCV  
  109  8:56  Supply Depot, SCV x2, Marine  
  109  8:57  Marine x4  
  109  9:02  SCV  
  117  9:08  SCV x2  
  117  9:09  Medivac  
  121  9:10  Supply Depot  
  121  9:14  SCV, Marine  
  121  9:15  Marine x3  
  126  9:18  Supply Depot  
  126  9:20  SCV x2  
  128  9:35  Supply Depot  
  128  9:39  Medivac  
  128  9:42  Refinery x2  
  130  9:50  Refinery  
  130  9:52  SCV  
  131  9:54  Terran Vehicle And Ship Armor Level 1, SCV  
  131  9:57  SCV  
  133  10:04  SCV  
  133  10:06  SCV  
  133  10:08  Terran Infantry Weapons Level 2  
  133  10:09  SCV, Medivac  
  123  10:19  Marine x5  
  125  10:33  Hellion  
  125  10:34  Hellion  
  122  10:36  Marine  
  122  10:37  Marine x4  
  122  10:39  Medivac  
  122  10:54  Marine, Hellion  
  122  10:55  Marine x4, Hellion  
  112  11:09  Medivac  
  103  11:12  Marine  
  103  11:13  Marine x4  
  103  11:16  Hellion x2  
  103  11:17  Supply Depot  
  112  11:23  Factory  
  112  11:30  Marine  
  113  11:32  Orbital Command  
  113  11:37  Hellion  
  113  11:38  Hellion  
  113  11:39  Supply Depot, Medivac  
  119  11:48  Terran Ship Weapons Level 1  
  119  12:09  Medivac  
  119  12:14  Factory Tech Lab  
  121  12:19  Barracks  
  121  12:24  Terran Infantry Armor Level 2  
  121  12:25  Barracks  
  121  12:29  Marine  
  121  12:30  Marine x4  
  121  12:34  Siege Tank  
  129  12:39  Hellbat x2  
  133  12:47  Marine  
  133  12:48  Marine x4  
  138  13:00  Liberator, Hellbat  
  138  13:01  Hellbat  
  138  13:05  Marine  
  145  13:06  Siege Tank, Marine x4  
  153  13:21  Hellbat  
  153  13:22  Infernal Pre-Igniter, Hellbat  
  153  13:23  Marine x4  
  153  13:24  Marine  
  162  13:38  Siege Tank  
  162  13:40  Barracks Reactor  
  162  13:41  Marine, Barracks Reactor  
  165  13:42  Terran Vehicle Weapons Level 2  
  165  13:43  Liberator, Hellbat x2  
  173  14:00  Starport  
  173  14:10  Siege Tank  
  176  14:25  Missile Turret  
  176  14:26  Liberator  
  179  14:40  Hi-Sec Auto Tracking  
  179  14:41  Mag-Field Accelerator  
  179  14:42  Siege Tank  
  179  14:45  Missile Turret  
  179  15:04  Missile Turret  
  179  15:06  Starport Tech Lab  
  179  15:09  Liberator  
  179  15:11  Missile Turret  
  182  15:14  Thor  
  188  15:23  Command Center  
  188  15:25  Missile Turret  
  188  15:32  Missile Turret  
  188  15:37  Terran Infantry Weapons Level 3  
  188  15:44  Missile Turret  
  188  15:51  Liberator, Missile Turret  
  191  15:57  Thor, Terran Vehicle And Ship Armor Level 2  
  191  15:59  Cloaking Field  
  191  16:03  Medivac  
  199  16:04  Missile Turret  
  199  16:21  Drilling Claws  
  199  16:24  Missile Turret  
  199  16:44  Refinery, Missile Turret  
  199  16:45  Refinery  
  196  16:57  Hyperflight Rotors  
  190  17:03  Missile Turret  
  190  17:29  Missile Turret  
  190  17:39  Smart Servos  
  177  17:49  Missile Turret  
  164  18:00  Starport Reactor, Factory  
  157  18:08  Missile Turret  
  138  18:13  Terran Ship Weapons Level 2  
  138  18:14  Neosteel Armor  
  120  18:21  Marine  
  120  18:22  Marine x8  
  120  18:25  Thor  
  121  18:32  Hellion x2  
  121  18:37  Medivac x2  
  121  18:39  Marine x2  
  121  18:40  Marine x7  
  118  18:53  Hellion  
  118  18:54  Hellion  
  122  18:57  Marine x8  
  122  18:58  Interference Matrix, Marine  
  130  19:03  Factory Tech Lab  
  130  19:07  Banshee, Medivac x2  
  130  19:08  Thor  
  141  19:14  Hellion  
  141  19:15  Marine x9, Hellion  
  154  19:25  Thor  
  160  19:33  Marine  
  160  19:36  Hellion x2  
  160  19:37  Medivac  
  165  19:50  Banshee  
  165  19:51  Thor  
  165  19:52  Command Center  
  159  20:08  Thor  
  165  20:22  Marine  
  165  20:23  Marine x8  
  174  20:33  Banshee  
  174  20:34  Thor  
  183  20:40  Marine x4  
  183  20:41  Marine x5  
  192  20:51  Thor  
  198  20:58  Marine x2  
  200  21:17  Refinery  
  200  21:25  Refinery  
Tags
 
Add a new tag
Caveats
  • Supply blocks, unpowered buildings, or Contaminate may cause inaccurate times.
  • Supply counts are checked every 10 seconds.